 Dungeon Crawl Stone Soup version 0.27.0-1-g7a089689b8 (webtiles) character file.

Game seed: 10570952492753114053

61 HoaS the Twirler (level 3, -4/29 HPs)
             Began as a Demigod Gladiator on Aug 7, 2021.
             Slain by Crazy Yiuf (9 damage)
             ... on level 2 of the Dungeon.
             The game lasted 00:02:58 (1884 turns).

HoaS the Twirler (Demigod Gladiator)                Turns: 1884, Time: 00:02:59

Health: -4/29      AC:  6    Str: 19    XL:     3   Next: 58%
Magic:  5/5        EV: 11    Int: 10    God:
Gold:   80         SH:  0    Dex: 15    Spells: 2/2 levels left

rFire    . . .     SeeInvis .   a - +1 quarterstaff
rCold    . . .     Faith    .   (shield currently unavailable)
rNeg     . . .     Spirit   .   g - +0 ring mail
rPois    .         Reflect  .   c - +0 helmet
rElec    .         Harm     .   (no cloak)
rCorr    .         Rampage  .   (no gloves)
Will     .....                  (no boots)
Stlth    +.........             (no amulet)
HPRegen  0.09/turn              (no ring)
MPRegen  0.09/turn              (no ring)

@: no status effects
A: high mp 1, forlorn
a: no special abilities


You were on level 2 of the Dungeon.
You visited 1 branch of the dungeon, and saw 2 of its levels.

You collected 80 gold pieces.

Inventory:

Hand Weapons
 a - a +1 quarterstaff (weapon)
Missiles
 d - a throwing net (quivered)
 h - 72 arrows
Armour
 c - a +0 helmet (worn)
 g - a +0 ring mail (worn)
Scrolls
 e - a scroll of teleportation
 k - a scroll of identify {unknown}
 l - a scroll of fear
Potions
 b - a potion of flight {unknown}
 f - a potion of lignification {unknown}
 i - a potion of heal wounds {unknown}
 j - a potion of degeneration {unknown}
 m - a potion of mutation {unknown}
 n - a potion of resistance {unknown}


   Skills:
 - Level 1.7 Fighting
 + Level 4.4 Staves
 - Level 1.7 Throwing
 - Level 2.6 Dodging


You had 2 spell levels left.
You didn't know any spells.
Your spell library was empty.

Dungeon Overview and Level Annotations

Branches:
Dungeon (2/15)

Annotations:
D:2 Crazy Yiuf


Innate Abilities, Weirdness & Mutations

Your attributes grow dramatically as you level up.
You have an increased reservoir of magic. (+10% MP)
You shall have no god before yourself.


Message History

n - a smoky grey potion
Things that are here:
a +0 club; 10 sling bullets; a goblin corpse
There is an open door here.
Things that are here:
a +0 short sword; a stone Crazy Yiuf shouts!
Could not explore, unopened runed door.
Could not explore, unopened runed door.
As you open the door, it creaks loudly!
Crazy Yiuf whimpers, "Scoff down pontify!"
You throw a throwing net. The throwing net hits Crazy Yiuf.
Crazy Yiuf is caught in the net!
You hit Crazy Yiuf but do no damage.
Crazy Yiuf flaps his cloak.
Crazy Yiuf struggles against the net.
You hit Crazy Yiuf but do no damage.
Crazy Yiuf struggles against the net.
You thump Crazy Yiuf!
Crazy Yiuf is severely wounded.
Crazy Yiuf zaps a wand.
The puff of flame hits you.
Crazy Yiuf struggles against the net.
You hit Crazy Yiuf.
Crazy Yiuf is almost dead.
Crazy Yiuf struggles against the net.
You hit Crazy Yiuf but do no damage.
Crazy Yiuf is almost dead.
Crazy Yiuf struggles against the net.
The net rips apart, and Crazy Yiuf comes free!
You closely miss Crazy Yiuf.
Crazy Yiuf is almost dead.
Crazy Yiuf hits you with a +4 quarterstaff of chaos!
You barely miss Crazy Yiuf.
Crazy Yiuf is almost dead.
Crazy Yiuf hits you with a +4 quarterstaff of chaos!
Crazy Yiuf freezes you.
* * * LOW HITPOINT WARNING * * *
You closely miss Crazy Yiuf.
Crazy Yiuf is almost dead.
Crazy Yiuf hits you with a +4 quarterstaff of chaos!
You die...

...........#
######.....#
......>....#
#.###..##.##
#####
#.#.....#.#
#)..#
#.#.#.).#.#
#...#
#.#.#...#.#
...
#.#.#...#.#
#g#
#.#.#...#.#
♣@♣♣
#.#.#...#.##
♣♣.♣
#.#....<#..#
♣.♣♣
#.####.##..#
♣♣.♣
...........#
♣♣.♣♣
.#####.#####
♣♣...♣
...........#
♣....♣
#.####.#####
#'..+# #..#
#.....#
#....#


You could see Crazy Yiuf.

Vanquished Creatures
  Terence (D:2)
  An adder (D:2)
  A worm (D:2)
  5 ball pythons
  2 endoplasms (D:1)
  2 giant cockroaches (D:1)
  A goblin (D:2)
  4 hobgoblins
  A quokka (D:2)
  2 frilled lizards (D:1)
  2 kobolds (D:2)
  A rat (D:1)
23 creatures vanquished.

Notes
Turn   | Place    | Note
-------+----------+-------------------------------------------
     0 | D:1      | HoaS the Demigod Gladiator began the quest for the Orb.
     0 | D:1      | Reached XP level 1. HP: 17/17 MP: 3/3
   157 | D:1      | Reached skill level 3 in Staves
   416 | D:1      | Reached XP level 2. HP: 24/24 MP: 4/4
   845 | D:2      | Found a runed translucent door.
   846 | D:2      | Noticed Crazy Yiuf
  1295 | D:2      | Noticed Terence
  1322 | D:2      | Killed Terence
  1323 | D:2      | Reached skill level 4 in Staves
  1323 | D:2      | Reached XP level 3. HP: 12/29 MP: 5/5
  1884 | D:2      | Slain by Crazy Yiuf

Illustrated notes

Levels and vault maps discovered:
D:1:      dpeg_arrival_round_b, layout_basic
D:2:      layout_basic, minmay_3d_cube, uniq_terence, uniq_crazy_yiuf_cottage

Skill      XL: |  1  2 |
---------------+-------+-----
Staves         | 3 4 |  4.4
Fighting       | |  1.7
Throwing       | |  1.7
Dodging        | |  2.6

Action                   || total
-------------------------++-------
Melee: Quarterstaff      ||    64
Throw: Throwing net      ||     2
  Use: Scroll            ||     5
 Stab: Sleeping          ||     1
Armor: Leather armour    ||     4
       Ring mail         ||    12
Dodge: Dodged            ||    27
